 Dungeon Crawl Stone Soup version 0.28.0 (webtiles) character file.

Game seed: 5397405618659862327

236 browni3141 the Chopper (level 5, -6/48 HPs)
             Began as a Minotaur Berserker on Feb 15, 2022.
             Was a Believer of Trog.
             Mangled by an ogre (13 damage)
             ... on level 3 of the Dungeon.
             The game lasted 00:01:13 (3057 turns).

browni3141 the Chopper (Minotaur Berserker)         Turns: 3057, Time: 00:01:14

Health: -6/48      AC:  2    Str: 23    XL:     5   Next: 77%
Magic:  4/4        EV: 12    Int:  4    God:    Trog [**....]
Gold:   107        SH:  0    Dex: 10    Spells: 4/4 levels left

rFire   . . .      SeeInvis .   a - +0 hand axe
rCold   . . .      Faith    +   (no shield)
rNeg    . . .      Spirit   .   b - +0 animal skin
rPois   .          Reflect  .   (helmet restricted)
rElec   .          Harm     .   (no cloak)
rCorr   .          Rampage  .   (no gloves)
Will    .....                   (no boots)
Stlth   +.........              l - amulet of faith
HPRegen 0.16/turn               (no ring)
MPRegen 0.09/turn               (no ring)

@: on berserk cooldown, slowed, very slow
A: horns 2, retaliatory headbutt
a: Renounce Religion, Berserk, Trog's Hand


You were on level 3 of the Dungeon.
You worshipped Trog.
Trog was pleased with you.
You visited 1 branch of the dungeon, and saw 4 of its levels.

You collected 107 gold pieces.

Inventory:

Hand Weapons
 a - a +0 hand axe (weapon)
Armour
 b - a +0 animal skin (worn)
Jewellery
 l - an amulet of faith (around neck)
Wands
 j - a wand of polymorph (2)
Scrolls
 c - 2 scrolls of teleportation {unknown}
 d - 4 scrolls of identify {unknown}
 f - a scroll of brand weapon {unknown}
 g - a scroll of amnesia {unknown}
Potions
 e - 3 potions of flight {unknown}
 h - 2 potions of curing {unknown}
 i - a potion of cancellation {unknown}
 k - a potion of might {unknown}
 m - a potion of degeneration {unknown}


   Skills:
 + Level 5.0 Fighting
 + Level 5.0 Axes
 + Level 4.2 Armour
 + Level 3.8 Dodging


You had 4 spell levels left.
You didn't know any spells.
Your spell library was empty.

Dungeon Overview and Level Annotations

Branches:
Dungeon (4/15)
 Temple: D:4-7

Altars:
Dithmenos
Hepliaklqana
Kikubaaqudgha
Ru
Trog


Innate Abilities, Weirdness & Mutations

You have a pair of horns on your head.
You reflexively headbutt those who attack you in melee.


Message History

You slash the gnoll!
You kill the gnoll!
Trog accepts your kill.
An orc priest comes into view. It is wielding a +0 dagger.
You slash the orc priest!
The orc priest is heavily wounded.
You hit the ogre.
Unknown command.
You slash the orc priest!
You kill the orc priest!
Trog accepts your kill.
You slash the ogre! The ogre closely misses you.
Your Fighting skill increases to level 5!
Your Axes skill increases to level 5!
The orc priest calls down the wrath of Beogh upon you.
Beogh smites you!
There is a stone staircase leading up here.
Things that are here:
a +0 hand axe; an orc corpse You feel a strong urge to attack something.
You are no longer berserk.
You are exhausted.
You feel yourself slow down.
The orc priest hits you with a +0 dagger.
You climb upwards.
There is a stone staircase leading down here.
You hit the ogre. You headbutt the ogre.
The ogre is severely wounded.
You hit the orc priest but do no damage.
The ogre barely misses you.
The orc priest mumbles some strange prayers to Beogh against you.
Pain shoots through your body!
* * * LOW HITPOINT WARNING * * *
You hit the ogre.
The ogre is almost dead.
You barely miss the orc priest. The ogre closely misses you.
The orc priest hits you with a +0 dagger.
* * * LOW HITPOINT WARNING * * *
The ogre hits you with a +0 giant spiked club!
You die...

##########
#@o......#########
#O########........
#..).....#.....[..
#.######.#..8##8..
#.# #.'..####.)
#.# #.'..####.)
#.# ###..8##8..
#.# #..(..... #.#
#......[.


You could see an ogre and an orc priest.

Vanquished Creatures
  A jelly (D:4)
  An orc priest (D:4)
  A centaur skeleton (D:2)
  Robin (D:2)
  2 gnolls (D:4)
  2 adders
  A shadow imp (D:3)
  5 worms
  2 dart slugs
  8 orcs
  6 endoplasms
  3 giant cockroaches
  14 goblins
  8 hobgoblins
  4 ball pythons
  4 bats
  2 frilled lizards
  3 kobolds
  4 rats
72 creatures vanquished.

Notes
Turn   | Place    | Note
-------+----------+-------------------------------------------
     0 | D:1      | browni3141 the Minotaur Berserker began the quest for the
                  | Orb.
     0 | D:1      | Reached XP level 1. HP: 19/19 MP: 0/0
   336 | D:1      | Reached XP level 2. HP: 19/27 MP: 1/1
  1265 | D:2      | Reached XP level 3. HP: 33/33 MP: 2/2
  1293 | D:2      | Found a faded altar of an unknown god.
  1322 | D:2      | Found a bloodstained altar of Trog.
  1729 | D:2      | Reached ** piety under Trog
  1763 | D:2      | Noticed Robin
  1766 | D:2      | Reached XP level 4. HP: 41/41 MP: 3/3
  1778 | D:2      | Killed Robin
  2513 | D:3      | Found a sacrificial altar of Ru.
  2516 | D:3      | Found a shadowy altar of Dithmenos.
  2625 | D:3      | Found a hazy altar of Hepliaklqana.
  2651 | D:3      | Reached XP level 5. HP: 47/47 MP: 4/4
  2879 | D:3      | Found an ancient bone altar of Kikubaaqudgha.
  3042 | D:4      | Noticed an ogre
  3053 | D:4      | Reached skill level 5 in Fighting
  3053 | D:4      | Reached skill level 5 in Axes
  3057 | D:3      | Mangled by an ogre

Illustrated notes

Levels and vault maps discovered:
D:1:      erik_arrival_orb_chamber, layout_basic
D:2:      layout_loops_cross, basic_altar, hellmonk_ecumenical_altar_zigzags,
          uniq_robin
D:3:      layout_basic, nicolae_overflow_hidden_temple, minmay_crystal_water,
          kennysheep_generic_room_6
D:4:      layout_loops_ring, gup_sewer_entry_bowl

Skill      XL: |  1  2  3  4  5 |
---------------+----------------+-----
Fighting       | 4 5 |  5.0
Axes           | 4 5 |  5.0
Armour         | 3 4 |  4.2
Dodging        | 3 |  3.8

Action                   |  1- 3 |  4- 6 || total
-------------------------+-------+-------++-------
Melee: Hand axe          |    62 |    62 ||   124
       Headbutt          |    12 |     9 ||    21
       Punch             |     2 |     2 ||     4
Invok: Berserk           |       |     3 ||     3
Armor: Animal skin       |    10 |     5 ||    15
Dodge: Dodged            |    26 |    32 ||    58
